 Dungeon Crawl Stone Soup version 0.24-a0-230-g536ed4e (webtiles) character file.

Game seed: 15811399193975794308

80 Atlas the Grave Robber (level 4, -2/31 HPs)
             Began as a Mummy Necromancer on Apr 3, 2019.
             Killed from afar by an orc wizard (8 damage)
             ... with a magic dart
             ... on level 3 of the Dungeon.
             The game lasted 00:01:48 (2141 turns).

Atlas the Grave Robber (Mummy Necromancer)          Turns: 2141, Time: 00:01:48

Health: -2/31      AC:  2    Str: 11    XL:     4   Next: 18%
Magic:  9/10       EV: 15    Int: 15    God:
Gold:   112        SH:  0    Dex: 12    Spells: 7/11 levels left

rFire    x . .     SeeInvis .   (no weapon)
rCold    + . .     Gourm    .   (no shield)
rNeg     + + +     Faith    .   a - +0 robe
rPois    ∞         Spirit   .   (no helmet)
rElec    .         Reflect  .   (no cloak)
rCorr    .         Harm     .   (no gloves)
MR       .....                  (no boots)
Stlth    ++........             (no amulet)
HPRegen  0.10/turn              h - +3 ring of evasion
MPRegen  0.12/turn              (no ring)

@: no status effects
A: no food or potions, fire vulnerability, cold resistance 1, negative energy
resistance 3, torment resistance, unbreathing
a: no special abilities


You were on level 3 of the Dungeon.
You were not hungry.

You visited 1 branch of the dungeon, and saw 3 of its levels.

You collected 112 gold pieces.

Inventory:

Armour
 a - a +0 robe (worn)
Jewellery
 h - a +3 ring of evasion (left hand)
Wands
 i - a wand of polymorph (8)
Scrolls
 b - 2 scrolls of enchant weapon {unknown}
 c - a scroll of magic mapping {unknown}
 d - a scroll of immolation {unknown}
 e - 3 scrolls of fog {unknown}
 f - a scroll of noise {unknown}
 g - 3 scrolls of blinking {unknown}


   Skills:
 + Level 0.3 Fighting
 + Level 1.7 Dodging
 + Level 1.6 Stealth
 + Level 0.2 Unarmed Combat
 + Level 4.0 Spellcasting
 + Level 4.9 Necromancy


You had 7 spell levels left.
You knew the following spells:

 Your Spells              Type           Power        Failure   Level  Hunger
a - Pain                  Necr           ###.         2%          1    N/A
c - Vampiric Draining     Necr           ###.......   7%          3    N/A

Your spell library contained the following spells:

 Spells                   Type           Power        Failure   Level  Hunger
 Animate Skeleton         Necr           N/A          2%          1    N/A
 Animate Dead             Necr           N/A          24%         4    N/A
 Regeneration             Chrm/Necr      Unusable     N/A         3    N/A

Dungeon Overview and Level Annotations

Branches:
Dungeon (3/15)

Altars:
Cheibriados
Dithmenos
Kikubaaqudgha
Ru


Innate Abilities, Weirdness & Mutations

You do not eat or drink.
Your flesh is vulnerable to fire.
You are immune to poison.
Your flesh is cold resistant. (rC+)
You are immune to negative energy. (rN+++)
You are immune to unholy pain and torment.
You can survive without breathing.


Message History

The orc wizard mumbles some strange words.
The orc wizard flickers and vanishes!
Deactivating autopickup; reactivate with Ctrl-A.
An orc comes into view. It is wielding a +0 club.
The orc misses you.
An orc wizard appears from thin air!
Reactivating autopickup.
The orc hits you with a +0 hand axe.
You see here a kobold corpse.
The orc wizard points at you and mumbles some strange words.
You resist with some effort.
The orc wizard points at you and mumbles some strange words.
The puff of flame hits you. The fire burns you terribly!
The orc wizard casts a spell at you. The magic dart hits you.
* * * LOW HITPOINT WARNING * * *
There is a stone staircase leading up here.
The orc wizard casts a spell at you. The magic dart hits you!
You die...

########## ###
#........# #..
#..@.....# #..
#..o.....# #..
#........# #..
#........# #..
#..o.....# #..
#........# #..
#......o.# #..
#........#########).
#........#....{.oo..


You could see an orc wizard and 2 orcs.

Vanquished Creatures
  An orc priest (D:3)
  An adder (D:2)
  A worm (D:2)
  2 dart slugs
  A leopard gecko (D:1)
  3 bats
  A bat skeleton (D:2)
  3 giant cockroaches
  3 goblins
  5 hobgoblins
  6 kobolds
  2 frilled lizards
  A leopard gecko zombie (D:2)
  2 rats (D:1)
32 creatures vanquished.

Notes
Turn   | Place    | Note
-------+----------+-------------------------------------------
     0 | D:1      | Atlas the Mummy Necromancer began the quest for the Orb.
     0 | D:1      | Reached XP level 1. HP: 13/13 MP: 4/4
   310 | D:1      | Reached XP level 2. HP: 19/19 MP: 0/5
  1318 | D:2      | Reached XP level 3. HP: 10/24 MP: 1/7
  1390 | D:2      | Learned a level 3 spell: Vampiric Draining
  1530 | D:2      | Found a snail-covered altar of Cheibriados.
  1534 | D:2      | Found a sacrificial altar of Ru.
  1535 | D:2      | Found an ancient bone altar of Kikubaaqudgha.
  1535 | D:2      | Found a shadowy altar of Dithmenos.
  2082 | D:3      | Reached XP level 4. HP: 11/31 MP: 1/10
  2141 | D:3      | Killed from afar by an orc wizard

Levels and vault maps discovered:
D:1:      dpeg_arrival_stonehenge_12_columns, layout_loops_ring
D:2:      layout_loops_corners, grunt_temple_overflow_open, serial_undead,
          serial_undead_e, serial_undead_d, serial_undead_d, serial_undead_f,
          minmay_pentomino_r4
D:3:      layout_basic, first_ration, minmay_misc_feat_iff,
          minmay_misc_feat_doors, minmay_puff, uniq_crazy_yiuf_cottage

Skill      XL: |  1  2  3 |
---------------+----------+-----
Spellcasting   | 3 4 |  4.0
Fighting       | |  0.3
Dodging        | |  1.7
Stealth        | |  1.6
Unarmed Combat | |  0.2
Necromancy     | |  4.9

Action                   |  1- 3 |  4- 6 || total
-------------------------+-------+-------++-------
Melee: Unarmed           |    24 |       ||    24
 Cast: Pain              |    60 |       ||    60
       Vampiric Draining |     2 |     1 ||     3
Armor: Robe              |     7 |       ||     7
Dodge: Dodged            |    47 |     1 ||    48

Table legend:
 A = Non-vault XP
 B = Vault XP
 C = Vault XP percentage of total XP
 D = Non-vault monster count
 E = Vault monster count
 F = Vault count percentage of total count
                 A         B        C        D         E       F
            +---------+---------+-------+---------+---------+-------
      Total |      96 |      19 |  16.5 |      27 |       5 |  15.6
            +---------+---------+-------+---------+---------+-------
        D:1 |      25 |       0 |   0.0 |      13 |       0 |   0.0
        D:2 |      20 |      19 |  48.7 |       8 |       5 |  38.5
        D:3 |      51 |       0 |   0.0 |       6 |       0 |   0.0
            +---------+---------+-------+---------+---------+-------
